 Dungeon Crawl Stone Soup version 0.19-a0-38-ga776ef0 (webtiles) character file.

5613 Eucla the Cleaver (level 10, -13/114 HPs)
             Began as a Troll Berserker on May 4, 2016.
             Was an Elder of Trog.
             Mangled by an orc warrior
             ... wielding a +0 halberd
              (25 damage)
             ... on level 10 of the Dungeon.
             The game lasted 00:14:12 (7184 turns).

Eucla the Cleaver (Troll Berserker)                 Turns: 7184, Time: 00:14:12

Health: -13/114    AC:  8    Str: 26 (27) XL:     10   Next: 45%
Magic:  8/8        EV: 12    Int:  2 (3)  God:    Trog [****..]
Gold:   256        SH:  0    Dex: 12      Spells: 0 memorised, 9 levels left

rFire  . . .     SeeInvis .     U - +0 war axe
rCold  + . .     Gourm    +     b - +0 animal skin
rNeg   . . .     Faith    .     (no shield)
rPois  +         Spirit   .     (helmet restricted)
rElec  .         Dismiss  .     z - +0 cloak (curse)
rCorr  .         Reflect  .     (gloves unavailable)
SustAt .         Harm     .     (boots unavailable)
MR     .....                    (no amulet)
Stlth  +.........               G - ring of poison resistance
                                I - +2 ring of protection

@: exhausted, slowed, very slow, not resistant to hostile enchantments, very
unstealthy
A: unfitting armour, claws 3, repulsion field 1, cold resistance 1, fast
metabolism 3, gourmand, low mp 1, regeneration 2, robust 1, shaggy fur 1, tough
skin 2
a: Berserk, Trog's Hand, Brothers in Arms, Burn Spellbooks, Renounce Religion


You were on level 10 of the Dungeon.
You worshipped Trog.
Trog was greatly pleased with you.
You were not hungry.

You visited 1 branch of the dungeon, and saw 10 of its levels.

You collected 500 gold pieces.
You spent 244 gold pieces at shops.

Inventory:

Hand Weapons
 a - a +0 hand axe
 U - a +0 war axe (weapon)
Missiles
 D - 8 poisoned javelins (quivered)
 F - 2 javelins
 Q - 4 large rocks
Armour
 b - a +0 animal skin (worn)
 z - a cursed +0 cloak (worn)
 P - a +2 shield
Jewellery
 k - an uncursed ring of protection from fire
 q - an uncursed ring of positive energy
 G - a ring of poison resistance (right claw)
 I - a +2 ring of protection (left claw)
 J - an uncursed ring of positive energy
Wands
 e - a wand of enslavement (10/24)
 x - a wand of paralysis (8/24)
 A - a wand of polymorph (17/24)
 B - a wand of paralysis (4/24)
 R - a wand of disintegration (15/24)
 W - a wand of confusion (34/48)
Scrolls
 d - 9 scrolls of identify {unknown}
 f - a scroll of enchant weapon {unknown}
 g - 5 scrolls of teleportation {unknown}
 l - a scroll of immolation {unknown}
 m - 2 scrolls of magic mapping {unknown}
 s - 3 scrolls of recharging {unknown}
 t - a scroll of remove curse {unknown}
 u - 6 scrolls of random uselessness {unknown}
 v - 2 scrolls of enchant armour {unknown}
 y - a scroll of blinking {unknown}
 C - 4 scrolls of amnesia {unknown}
 E - 2 scrolls of noise {unknown}
 L - 2 scrolls of brand weapon {unknown}
 N - a scroll of fear {unknown}
 S - a scroll of vulnerability {unknown}
Potions
 i - 4 potions of might
 j - 3 potions of haste
 n - 2 potions of mutation
 o - a potion of degeneration
 p - a potion of agility
 r - a potion of brilliance
 K - a potion of invisibility
Books
 O - a book of the Tempests

   Spells                             Type                      Level
   a - Static Discharge               Conjuration/Air              3
   b - Lightning Bolt                 Conjuration/Air              5
   c - Fireball                       Conjuration/Fire             5
   d - Tornado                        Air                          9
   e - Shatter                        Earth                        9
   Trog disapproves of the use of such an item.
Comestibles
 c - 4 bread rations
 w - a royal jelly
 H - 3 meat rations
 M - a beef jerky


   Skills:
 + Level 8.1 Fighting
 * Level 11.0 Axes
 - Level 2.4 Dodging


You had 9 spell levels left.
You didn't know any spells.

Dungeon Overview and Level Annotations

Branches:
Dungeon (10/15)            Temple (0/1) D:5
   Lair: D:8-11         Orc: D:9-12

Altars:
Dithmenos
Fedhas
Gozag
Makhleb
Okawaru
Pakellas
Qazlal
Xom
Yredelemnul
Beogh

Shops:
D:8 *


Innate Abilities, Weirdness & Mutations

You are too large for most types of armour.
You have claws for hands.
Your metabolism is lightning-fast.
You like to eat raw meat.
You heal very quickly.
You are covered in fur (AC +1).
You have very tough skin (AC +2).
You are surrounded by a mild repulsion field (EV +2).
Your flesh is cold resistant.
Your magical capacity is low (-10% MP).
You are robust (+10% HP).


Message History

Unknown command.
You feel a strong urge to attack something.
Unknown command.
You are no longer berserk.
You are exhausted.
You feel yourself slow down.
You see here a tomahawk.
Unknown command.
The howler monkey hoots and howls with incredible vigour!
Unknown command.
The orc warrior hits you but does no damage.
There is an open door here.
Unknown command.
Unknown command.
The orc warrior hits you from afar with a halberd!
* * * LOW HITPOINT WARNING * * *
Unknown command.
Unknown command.
The orc warrior hits you from afar with a halberd!!
You die...

##.# #.o# #o## #.#
####+###### ####o######
..........####..o......#
..........##.'..o......#
..........#..#.........#
..........'.##..@......+
..........####.........#
.........[# #####+#####
#####'##### #.# #.# #.##
#..# #. #####'### +.


You could see 4 orc warriors and an orc.

Vanquished Creatures
  An unseen horror (D:10)
  Prince Ribbit (D:5)
  Sigmund (D:5)
  2 wyverns
  The ghost of Eucla the Skirmisher, an amateur HOWn of Yredelemnul (D:3)
  5 yaks (D:9)
  2 hippogriffs
  2 water moccasins
  An ice beast (D:5)
  2 phantoms
  3 sky beasts
  4 orc warriors
  A wasp (D:8)
  2 ogres
  A centaur (D:9)
  4 giant frogs
  A water moccasin skeleton (D:9)
  2 scorpions
  2 howler monkeys (D:9)
  2 crimson imps (D:5)
  A giant frog zombie (D:7)
  A quasit (D:8)
  A giant frog skeleton (D:6)
  4 hounds
  A gnoll shaman (D:7)
  7 orc priests
  Crazy Yiuf (D:7)
  A centaur skeleton (D:8)
  2 iguanas
  4 worker ants
  Natasha (twice) (D:2)
  12 orc wizards
  3 hound skeletons
  A worker ant zombie (D:8)
  4 gnolls
  9 adders
  A shadow imp (D:7)
  An adder zombie (D:4)
  An adder skeleton (D:9)
  3 worms (D:3)
  2 dart slugs
  5 giant geckos
  25 orcs
  A ball python (D:3)
  6 giant cockroaches
  9 hobgoblins
  8 jackals
  8 kobolds
  7 quokkas
  4 bats
  4 giant newts
  4 goblins
  A jackal skeleton (D:4)
  A jackal zombie (D:5)
  A quokka zombie (D:7)
  10 rats
  3 fungi (D:7)
199 creatures vanquished.

Notes
Turn   | Place    | Note
--------------------------------------------------------------
     0 | D:1      | Eucla the Troll Berserker began the quest for the Orb.
     0 | D:1      | Reached XP level 1. HP: 22/22 MP: 0/0
   152 | D:1      | Reached XP level 2. HP: 27/29 MP: 1/1
   961 | D:2      | Reached ** piety under Trog
   961 | D:2      | Reached skill level 3 in Axes
   990 | D:2      | Reached XP level 3. HP: 33/36 MP: 2/2
  1149 | D:2      | Found a stormy altar of Qazlal.
  1320 | D:2      | Found a basalt altar of Yredelemnul.
  1470 | D:2      | Noticed Natasha
  1482 | D:2      | Killed Natasha
  1482 | D:2      | Reached XP level 4. HP: 19/45 MP: 3/3
  1554 | D:2      | Noticed Natasha
  1563 | D:2      | Killed Natasha
  1655 | D:3      | Found an opulent altar of Gozag.
  1754 | D:3      | Noticed Eucla's ghost (amateur HOWn)
  1769 | D:3      | Killed Eucla's ghost
  1769 | D:3      | Reached skill level 4 in Axes
  1769 | D:3      | Reached XP level 5. HP: 54/54 MP: 4/4
  1802 | D:3      | Reached XP level 6. HP: 62/62 MP: 5/5
  1868 | D:3      | Reached *** piety under Trog
  2322 | D:4      | Reached skill level 5 in Axes
  2618 | D:4      | Reached XP level 7. HP: 65/71 MP: 6/6
  2966 | D:5      | Entered Level 5 of the Dungeon
  2993 | D:5      | Reached skill level 6 in Axes
  3142 | D:5      | Reached skill level 5 in Fighting
  3152 | D:5      | Received a gift from Trog
  3191 | D:5      | Noticed Prince Ribbit
  3205 | D:5      | Killed Prince Ribbit
  3205 | D:5      | Reached skill level 7 in Axes
  3205 | D:5      | Reached XP level 8. HP: 25/80 MP: 7/7
  3390 | D:5      | Found a staircase to the Ecumenical Temple.
  3410 | D:5      | Found a burning altar of Makhleb.
  3420 | D:5      | Noticed Sigmund
  3425 | D:5      | Killed Sigmund
  3656 | D:6      | Found an iron altar of Okawaru.
  3976 | D:6      | Found an oddly glowing altar of Pakellas.
  3983 | D:6      | Found a blossoming altar of Fedhas.
  4089 | D:6      | Reached skill level 8 in Axes
  4434 | D:7      | Reached XP level 9. HP: 89/89 MP: 8/8
  4591 | D:7      | Gained mutation: Your flesh is cold resistant. [mutagenic meat]
  4592 | D:7      | Gained mutation: You are surrounded by a mild repulsion field (EV +2). [mutagenic meat]
  4593 | D:7      | Gained mutation: You are robust (+10% HP). [mutagenic meat]
  4637 | D:7      | Found a shadowy altar of Dithmenos.
  4670 | D:7      | Reached **** piety under Trog
  4680 | D:7      | Reached skill level 9 in Axes
  4757 | D:7      | Noticed Crazy Yiuf
  4763 | D:7      | Killed Crazy Yiuf
  4973 | D:8      | Found a shimmering altar of Xom.
  4973 | D:8      | Found a shimmering altar of Xom.
  4974 | D:8      | Found a shimmering altar of Xom.
  4975 | D:8      | Found a shimmering altar of Xom.
  4975 | D:8      | Found a shimmering altar of Xom.
  5065 | D:8      | Found Xetseyc's Assorted Antiques.
  5073 | D:8      | Bought a scroll labeled ROIDOSKALO for 31 gold pieces
  5073 | D:8      | Bought a forked copper wand for 124 gold pieces
  5073 | D:8      | Bought a scroll labeled EBEBRA USUOS for 31 gold pieces
  5073 | D:8      | Bought a scroll labeled UHYAKICOSS for 31 gold pieces
  5073 | D:8      | Bought a fizzy amethyst potion for 27 gold pieces
  5378 | D:8      | Noticed an anubis guard
  5378 | D:8      | Noticed an octopode
  5378 | D:8      | an anubis guard changed into an octopode
  5496 | D:8      | Noticed a salamander
  5537 | D:8      | Noticed a harpy
  5537 | D:8      | a soldier ant changed into a harpy
  6103 | D:9      | Reached skill level 10 in Axes
  6454 | D:9      | Reached XP level 10. HP: 112/112 MP: 9/9
  6639 | D:10     | Entered Level 10 of the Dungeon
  6921 | D:10     | Gained mutation: Your magical capacity is low (-10% MP). [potion of mutation]
  6922 | D:10     | HP: 5/114 [something (8)]
  6935 | D:10     | Killed an unseen horror
  7161 | D:10     | Found a roughly hewn altar of Beogh.
  7171 | D:10     | Reached skill level 11 in Axes
  7184 | D:10     | Mangled by an orc warrior

Vault maps used:
D:1:      dpeg_arrival_orchard, serial_bayou, serial_bayou_lake_a,
          serial_bayou_pond_b, serial_bayou_pond_d, serial_bayou_shore_a
D:2:      yredelemnul_altar_generic, grunt_qazlal_clouds, uniq_natasha
D:3:      nicolae_overflow_crystal_walls
D:4:      first_bread
D:5:      kennysheep_mini, minmay_temple_entry_junction, uniq_sigmund,
          uniq_prince_ribbit1
D:6:      minitemple, basic_altar
D:7:      grunt_dithmenos_smoke_and_mirrors, uniq_crazy_yiuf_cottage
D:8:      xom_shifter_show, serial_shops, nicolae_shop_overgrown_old_shop
D:10:     lair_0_dummy, orc_0_dummy, uniq_grum

Skill      XL: |  1  2  3  4  5  6  7  8  9 10 |
---------------+-------------------------------+-----
Axes           | 3 4 5 7 8 10 11 | 11.0
Fighting       | 3 4 5 6 7 8 |  8.1
Dodging        | |  2.4

Action                   |  1- 3 |  4- 6 |  7- 9 | 10-12 || total
-------------------------+-------+-------+-------+-------++-------
Melee: Hand axe          |   131 |   171 |   523 |       ||   825
       War axe           |       |       |    25 |    64 ||    89
Throw: Javelin           |       |       |     5 |       ||     5
Invok: Berserk           |     1 |     1 |    10 |     3 ||    15
       Trog's Hand       |       |       |     3 |     2 ||     5
  Use: Potion            |       |       |     2 |    11 ||    13
 Stab: Sleeping          |     1 |       |     1 |       ||     2
  Eat: Chunk             |    11 |    16 |    49 |     5 ||    81
       Fruit             |     5 |       |       |       ||     5
       Royal jelly       |     1 |       |       |       ||     1
Armor: Animal skin       |    65 |    58 |   172 |    47 ||   342
       Skin              |       |       |    59 |       ||    59
Dodge: Dodged            |    78 |    81 |   279 |    53 ||   491
